 Dungeon Crawl Stone Soup version 0.30-b1-2-g02819fbbbe (webtiles) character file.

Game seed: 5693424012522013871

186 rikimaru122 the Trooper (level 5, -2/48 HPs)
             Began as a Minotaur Berserker on May 29, 2023.
             Was a Follower of Trog.
             Killed from afar by an orc wizard (6 damage)
             ... with a magic dart
             ... on level 4 of the Dungeon on May 31, 2023.
             The game lasted 00:37:48 (3186 turns).

rikimaru122 the Trooper (Minotaur Berserker)        Turns: 3186, Time: 00:37:48

Health: -2/48      AC:  8    Str: 24    XL:     5   Next: 38%
Magic:  4/4        EV: 11    Int:  4    God:    Trog [*.....]
Gold:   170        SH:  0    Dex:  9    Spells: 4/4 levels left

rFire   . . .        l - +1 mace
rCold   . . .        (no shield)
rNeg    . . .        i - +0 ring mail
rPois   .            (helmet restricted)
rElec   .            c - +2 cloak
rCorr   .            (no gloves)
SInv    .            (no boots)
Will    +....        (no amulet)
Stlth   +            m - ring of willpower
HPRegen 0.28/turn    (no ring)
MPRegen 0.09/turn

%: no passive effects
@: on berserk cooldown, slowed, very slow
A: horns 2, retaliatory headbutt
a: Renounce Religion, Berserk


You were on level 4 of the Dungeon.
You worshipped Trog.
Trog was aware of your devotion.
You visited 1 branch of the dungeon, and saw 4 of its levels.

You collected 170 gold pieces.

Inventory:

Hand Weapons
 a - a +0 falchion
 d - a +0 whip
 g - a +0 short sword
 h - a +0 spear
 l - a +1 mace (weapon)
 n - a +1 dagger of venom
Armour
 b - a +1 animal skin
 c - a +2 cloak (worn)
 f - a +0 cloak
 i - a +0 ring mail (worn)
 k - a +0 leather armour
Jewellery
 m - a ring of willpower (left hand)
Scrolls
 o - a scroll of identify
Potions
 e - a potion of cancellation
 j - a potion of haste
 q - a potion of heal wounds


   Skills:
 * Level 5.0 Fighting
 + Level 4.7 Long Blades
 + Level 2.1 Maces & Flails
 + Level 3.5 Armour
 + Level 2.9 Dodging
 + Level 1.0 Stealth


You had 4 spell levels left.
You didn't know any spells.
Your spell library contained the following spells:

 Spells                   Type           Power      Damage    Failure   Level
 Frozen Ramparts          Ice            0%         1d1       95%         3
 Ice Form                 Ice/Tmut       0%         N/A       100%        4
 Summon Ice Beast         Ice/Summ       0%         N/A       100%        4


Dungeon Overview and Level Annotations

Branches:
Dungeon (4/15)
 Temple: D:4-7

Altars:
Ashenzari
Cheibriados
Dithmenos
Makhleb
Okawaru
Ru
Xom
Zin

Shops:
D:1 !


Innate Abilities, Weirdness & Mutations

You have a pair of horns on your head.
You reflexively headbutt those who attack you in melee.


Message History

Trog accepts your kill.
Trog appreciates your killing of a magic user.
Something hits you but does no damage.
You have reached level 5!
You thump something! Your headbutt misses something.
You hear some strange, mumbled words.
A magic dart appears from out of thin air!
The magic dart hits you. The orc priest barely misses you.
You hit something. You miss something.
You hear some strange, mumbled words.
A magic dart appears from out of thin air!
The magic dart hits you. The orc priest completely misses you.
You furiously retaliate!
You headbutt the orc priest! You miss something. Something hits you.
The orc priest hits you with a +0 hand axe.
You barely miss the orc priest.
The orc priest is almost dead.
Something hits you but does no damage. The orc priest barely misses you.
You barely miss the orc priest. You headbutt the orc priest.
You kill the orc priest!
Trog accepts your kill.
You hear some strange, mumbled words.
A puff of flame appears from out of thin air!
The puff of flame hits you!
* * * LOW HITPOINT WARNING * * *
Your Fighting skill increases to level 5!
Your Maces & Flails skill increases to level 2!
Your Stealth skill increases to level 1!
You miss something. Something hits you but does no damage.
You barely miss something. Your headbutt misses something.
You are no longer berserk.
You are exhausted.
You feel yourself slow down. Something hits you but does no damage.
You barely miss something. Something hits you.
* * * LOW HITPOINT WARNING * * *
You hear some strange, mumbled words.
A magic dart appears from out of thin air!
The magic dart hits you.
You die...

##........##......#....##
#..................#..##
............#.####.#.##
.......<....###..#####
............# ....#
............##.⌠._#
............#.....#
.......)#...#....#
#......###..@{..8#
#...>.. ####)...# .......
.....# .#..... #.⌠._#
####.# ....# ## #..## ###


There were no monsters in sight!

Vanquished Creatures
  A scorpion (D:4)
  An orc priest (D:4)
  An orc wizard (D:4)
  3 adders
  A worm (D:3)
  2 dart slugs
  2 orcs (D:4)
  2 endoplasms
  A giant cockroach (D:2)
  2 hobgoblins (D:1)
  3 kobolds
  2 quokkas (D:1)
  6 ball pythons
  3 frilled lizards
  6 goblins
  3 rats
39 creatures vanquished.

Notes
Turn   | Place    | Note
-------+----------+-------------------------------------------
     0 | D:1      | rikimaru122 the Minotaur Berserker began the quest for the
                  | Orb.
     0 | D:1      | Reached XP level 1. HP: 19/19 MP: 0/0
   363 | D:1      | Found Wyongiul's Distillery.
  1324 | D:2      | Reached XP level 2. HP: 27/27 MP: 1/1
  1334 | D:2      | Reached skill level 4 in Fighting
  1627 | D:2      | Found a shimmering altar of Xom.
  1636 | D:2      | Reached XP level 3. HP: 33/34 MP: 2/2
  1866 | D:3      | Found a snail-covered altar of Cheibriados.
  1868 | D:3      | Found a glowing silver altar of Zin.
  1906 | D:3      | Found an iron altar of Okawaru.
  2462 | D:3      | Found a shadowy altar of Dithmenos.
  3043 | D:4      | Found a broken altar of Ashenzari.
  3078 | D:4      | Noticed a scorpion
  3087 | D:4      | Killed a scorpion
  3088 | D:4      | Reached skill level 1 in Maces & Flails
  3088 | D:4      | Reached XP level 4. HP: 34/41 MP: 3/3
  3166 | D:4      | Found a sacrificial altar of Ru.
  3166 | D:4      | Found a burning altar of Makhleb.
  3178 | D:4      | Reached XP level 5. HP: 33/47 MP: 4/4
  3184 | D:4      | Reached skill level 5 in Fighting
  3184 | D:4      | Reached skill level 1 in Stealth
  3186 | D:4      | Killed from afar by an orc wizard

Illustrated notes

Levels and vault maps discovered:
D:1:      nzn_arrival_water_spiral, layout_loops_ring, serial_shops,
          nicolae_shop_trees, serial_forest, infiniplex_forest_zigzag_2,
          infiniplex_forest_lined_3_way, infiniplex_forest_clump_double,
          infiniplex_forest_lined_3, infiniplex_forest_straight_4,
          infiniplex_forest_straight_5
D:2:      layout_rooms, basic_altar
D:3:      layout_basic, lemuel_doored_altar, okawaru_metal_pillars_1_2,
          mainiacjoe_overflow_catwalk_spiral, serial_rivers,
          chequers_serial_rivers_small_3, chequers_serial_rivers_room_b,
          chequers_serial_rivers_micro_a, chequers_serial_rivers_micro_b,
          chequers_serial_rivers_large_a, kennysheep_generic_room_13
D:4:      layout_cave_pools, nicolae_overflow_crystal_walls,
          gammafunk_temple_overflow_pools, minmay_temple_entry_overgrown,
          chequers_ossuary_entry_cave

Skill      XL: |  1  2  3  4  5 |
---------------+----------------+-----
Fighting       | 4 5 |  5.0
Long Blades    | 4 |  4.7
Maces & Flails | 1 2 |  2.1
Armour         | 3 |  3.5
Stealth        | 1 |  1.0
Dodging        | |  2.9

Action                     |  1- 3 |  4- 6 || total
---------------------------+-------+-------++-------
  Melee: Falchion          |    31 |       ||    31
         Headbutt          |    15 |     2 ||    17
         Mace              |    39 |    25 ||    64
         Punch             |       |     1 ||     1
 Invoke: Berserk           |     1 |     1 ||     2
    Use: Scroll            |     9 |       ||     9
         Potion            |     4 |       ||     4
 Armour: Animal skin       |    16 |       ||    16
         Ring mail         |    22 |    10 ||    32
  Dodge: Dodged            |    34 |    11 ||    45
